 Dungeon Sprint DCSS version 0.29.1-2-gbd0b4ee654 (webtiles) character file.

Game seed: 1053739768414391232

7641 Groucho the Unseen (level 10, -1/44 HPs)
             Began as a Spriggan Enchanter on Oct 30, 2022.
             Was an Initiate of Gozag.
             Succumbed to poison (dark miasma)
             ... in the Dungeon (Sprint II: "The Violet Keep of Menkaure").
             The game lasted 00:08:19 (2536 turns).

Groucho the Unseen (Spriggan Enchanter)             Turns: 2536, Time: 00:08:19

Health: -1/44      AC:  4    Str: 13    XL:     10   Next: 98%
Magic:  23/28      EV: 33    Int: 16    God:    Gozag
Gold:   1738       SH:  0    Dex: 23    Spells: 24/35 levels left

rFire   . . .      SeeInvis +   j - +4 rapier "Koil" {flame, Str+3 Dex+6}
rCold   + . .      Faith    .   (no shield)
rNeg    + . .      Spirit   .   k - +1 robe of Vexation {Str+2}
rPois   .          Reflect  .   (helmet restricted)
rElec   .          Harm     .   l - +0 cloak "Xiutei" {-Tele rC+ rN+ Will+++}
rCorr   .          Rampage  .   (gloves unavailable)
Will    ++++.      NoTele   +   (boots unavailable)
Stlth   ++++++++..              (no amulet)
HPRegen 0.14/turn               f - ring of flight
MPRegen 0.21/turn               (no ring)

@: lethally poisoned (-1 -> -49), gold aura, flying, slowed, quick
A: very small, no large weapons, unfitting armour, see invisible, speed 3
a: Renounce Religion, Potion Petition, Call Merchant, Bribe Branch


You were in the Dungeon.
You worshipped Gozag.
Gozag was most pleased with you.
You visited 1 branch You collected 2695 gold pieces.
You spent 957 gold pieces at shops.

Inventory:

Hand Weapons
 a - a +1 dagger
 j - the +4 rapier "Koil" (weapon) {flame, Str+3 Dex+6}
   (You bought it in a shop in the Dungeon)

   It burns those it strikes, dealing additional fire damage.
   Str:       It affects your strength (+3).
   Dex:       It affects your dexterity (+6).
Armour
 k - the +1 robe of Vexation (worn) {Str+2}
   (You bought it in a shop in the Dungeon)

   Str:       It affects your strength (+2).
 l - the +0 cloak "Xiutei" (worn) {-Tele rC+ rN+ Will+++}
   (You bought it in a shop in the Dungeon)

   rC:        It protects you from cold.
   rN:        It protects you from negative energy.
   -Tele:     It prevents most forms of teleportation.
   Will:      It greatly increases your willpower.
Jewellery
 f - a ring of flight (left hand)
Scrolls
 i - a scroll of blinking
Potions
 g - 2 potions of magic


   Skills:
 * Level 12.9 Short Blades
 * Level 15.8 Dodging
 * Level 19.0 Stealth
 + Level 13.2 Spellcasting
 * Level 5.7 Conjurations
 + Level 13.4 Hexes


You had 24 spell levels left.
You knew the following spells:

 Your Spells              Type           Power      Damage    Failure   Level
a - Ensorcelled Hibernat  Hex/Ice        64%        N/A       1%          2
b - Confusing Touch       Hex            52%        N/A       1%          3
c - Dazzling Flash        Conj/Hex       82%        N/A       1%          3
d - Tukima's Dance        Hex            52%        N/A       1%          3

Your spell library contained the following spells:

 Spells                   Type           Power      Damage    Failure   Level


Dungeon Overview and Level Annotations

Branches:
Dungeon (1/1)

Altars:
Cheibriados
Dithmenos
Elyvilon
Fedhas
Gozag
Hepliaklqana
Kikubaaqudgha
Makhleb
Nemelex Xobeh
Okawaru
Qazlal
Ru
Sif Muna
Trog
Uskayaw
Vehumet
Wu Jian
Xom
Yredelemnul
Zin
The Shining One
Jiyva
Lugonu

Shops:
D :![:**?[=!!(=[[

Annotations:
D exclusions: ice statue and oklob plant


Innate Abilities, Weirdness & Mutations

You are very small and have problems with some larger weapons.
You are too small for most types of armour.
You have supernaturally acute eyesight. (SInv)
You cover ground extremely quickly. (Speed+++)


Message History

Aiming: Ensorcelled Hibernation (safe; 1% risk of failure)
Press: ? - help, Shift-Dir - straight line, f - death drake
Aim: a death drake (chance to affect: 43%)
The death drake resists with some effort.
The death drake completely misses you. The death drake bites you.
Casting: Ensorcelled Hibernation (safe; 1% risk of failure)
Confirm with . or Enter, or press ? or * to list all spells.
Aiming: Ensorcelled Hibernation (safe; 1% risk of failure)
Press: ? - help, Shift-Dir - straight line, f/p - death drake
Aim: a death drake (chance to affect: 43%)
The death drake resists with some effort.
The death drake breathes miasma at you. The foul vapour misses you.
Casting: Ensorcelled Hibernation (safe; 1% risk of failure)
Confirm with . or Enter, or press ? or * to list all spells.
Aiming: Ensorcelled Hibernation (safe; 1% risk of failure)
Press: ? - help, Shift-Dir - straight line, f/p - death drake
Aim: a death drake (foul pestilence, chance to affect: 43%)
The death drake looks drowsy...
You are engulfed in dark miasma.
You are poisoned.
You feel very sick.
The helpless death drake fails to defend itself.
You spit the death drake like a pig!!!!!
You burn the death drake!!
You kill the death drake!
You are engulfed in dark miasma.
You are lethally poisoned!
You feel yourself slow down.
You feel very sick.
Your Stealth skill increases to level 19!
Unknown command.
You are engulfed in dark miasma.
You are more poisoned.
You feel as though you will be slow longer.
* * * LOW HITPOINT WARNING * * *
You feel extremely sick.
There is an open door, spattered with blood here.
You see here 117 gold pieces.
Okay, then.
You die...
Your body crumbles into a pile of gold.

####~~~.... .. #[.'....#k9# $
...#~~~~.##+##..#..####.#.$# $
...#~~~~##...##.####[.'.##.# $
∩..#~~~~#..##.# ...#..#...#### $
.⌠.#~~######.####..#####.k##)# $
∩..#~##.###'###.##..#..'..#..#▓:!
...#~#...##.##..°#..#..#..#..#▓!)
...'~'##.'.<.'###$..####^.##.#▓[$
...#~#...##.##..@#....###...##▓▓▓
▓###~##.###'###.##...§..~~~~~~~~~
####~~#####.#####~~.....~#'######
$ ##~~~#..#..#~~~~~~~..~#....._.
. +#~##.#.##~~~§~~~§.~#...._._ ##
$ ~~##+##~~~≈§§§~§~~#..._._. #≈≈
~~ ~~~~~~≈§≈§§~~#.._._._ ≈§§≈
+++#§≈≈≈≈§≈≈~#._._._.
##≈≈≈###§≈#_._._._


There were no monsters in sight!

Vanquished Creatures
  A deep elf master archer (D)
  A crystal guardian (D)
  An ice dragon (D)
  2 boulder beetles (D)
  2 death drakes (D)
  A yaktaur (D)
  3 polar bears (D)
  A hornet (D)
  3 slime creatures (D)
  4 neqoxecs (D)
  2 redbacks (D)
  Menkaure (D)
  A swamp drake (D)
  4 necrophages (D)
  4 scorpions (D)
31 creatures vanquished.

Vanquished Creatures (others)
  A water moccasin (D)
1 creature vanquished.

Grand Total: 32 creatures vanquished

Notes
Turn   | Place    | Note
-------+----------+-------------------------------------------
     0 | D        | Groucho the Spriggan Enchanter began the quest for the Orb.
     0 | D        | Reached XP level 1. HP: 9/9 MP: 5/5
     1 | D        | Noticed a necrophage
     1 | D        | Noticed a necrophage
     1 | D        | Noticed a necrophage
     1 | D        | Noticed a necrophage
     9 | D        | Killed a necrophage
    10 | D        | Reached skill level 5 in Dodging
    10 | D        | Reached skill level 6 in Stealth
    10 | D        | Reached skill level 5 in Hexes
    10 | D        | Reached XP level 2. HP: 13/13 MP: 5/8
    10 | D        | Reached XP level 3. HP: 16/16 MP: 6/10
    18 | D        | Killed a necrophage
    19 | D        | Reached skill level 7 in Stealth
    19 | D        | Reached skill level 5 in Spellcasting
    19 | D        | Reached XP level 4. HP: 12/21 MP: 6/12
    24 | D        | Killed a necrophage
    25 | D        | Reached skill level 5 in Short Blades
    25 | D        | Reached skill level 8 in Stealth
    25 | D        | Reached XP level 5. HP: 14/24 MP: 6/14
    32 | D        | Reached skill level 9 in Stealth
    40 | D        | Learned a level 2 spell: Ensorcelled Hibernation
    44 | D        | Learned a level 3 spell: Confusing Touch
    48 | D        | Learned a level 3 spell: Dazzling Flash
    52 | D        | Learned a level 3 spell: Tukima's Dance
    53 | D        | Noticed a neqoxec
    56 | D        | Killed a neqoxec
    57 | D        | Reached skill level 10 in Stealth
    57 | D        | Reached XP level 6. HP: 18/28 MP: 9/17
    57 | D        | Noticed a neqoxec
    58 | D        | Killed a neqoxec
    59 | D        | Reached skill level 11 in Stealth
    59 | D        | Noticed a neqoxec
    59 | D        | Noticed a neqoxec
    61 | D        | Killed a neqoxec
    62 | D        | Reached XP level 7. HP: 21/32 MP: 10/20
    63 | D        | Killed a neqoxec
    64 | D        | Reached skill level 10 in Dodging
    64 | D        | Reached skill level 12 in Stealth
   273 | D        | Noticed a boulder beetle
   273 | D        | Noticed a boulder beetle
   288 | D        | Reached skill level 10 in Hexes
   291 | D        | Reached XP level 8. HP: 36/36 MP: 15/22
   608 | D        | Killed a boulder beetle
   609 | D        | Reached skill level 14 in Stealth
   609 | D        | Reached skill level 10 in Spellcasting
   618 | D        | Killed a boulder beetle
   619 | D        | Reached skill level 10 in Short Blades
   619 | D        | Reached skill level 15 in Stealth
   619 | D        | Reached XP level 9. HP: 39/39 MP: 21/25
   632 | D        | Found Ripsiep's Armour Emporium.
   632 | D        | Found Usuqutu's Antique Weapon Shoppe.
   632 | D        | Found Ronimal's Antique Armour Shoppe.
   632 | D        | Found Joicus's Distillery.
   633 | D        | Found Koddo Gucu's Jewellery Emporium.
   633 | D        | Found Vapawn's Jewellery Shoppe.
   633 | D        | Found Koapygoc's Antique Armour Emporium.
   633 | D        | Found Qegaos's Magic Scroll Shoppe.
   634 | D        | Found Catwa Hephao's General Store.
   634 | D        | Found Bosti's Assorted Antiques.
   634 | D        | Found Xaagyps's Book Shoppe.
   634 | D        | Noticed a fire dragon
   635 | D        | Found Kaleig's Distillery.
   635 | D        | Noticed Menkaure
   653 | D        | Killed Menkaure
   656 | D        | Found Hoaxkok's Antique Armour Shoppe.
   656 | D        | Found Kotiu's Distillery.
   656 | D        | Noticed an oklob plant
   657 | D        | Found Dys Ulao's Book Shoppe.
   676 | D        | Bought a ring of flight for 210 gold pieces
   682 | D        | Bought a warped rapier for 207 gold pieces
   682 | D        | Identified the +4 rapier "Koil" {flame, Str+3 Dex+6} (You
                  | bought it in a shop in the Dungeon)
   702 | D        | Bought an ichor-stained robe for 114 gold pieces
   702 | D        | Identified the +1 robe of Eternal Vigilance {Harm} (You
                  | bought it in a shop in the Dungeon)
   702 | D        | Bought a brightly glowing cloak for 190 gold pieces
   702 | D        | Identified the +0 cloak "Xiutei" {-Tele rC+ rN+ Will+++}
                  | (You bought it in a shop in the Dungeon)
   734 | D        | Bought the +1 robe of Vexation {Str+2} for 236 gold pieces
   767 | D        | Found a blossoming altar of Fedhas.
   768 | D        | Found a white marble altar of Elyvilon.
   769 | D        | Found a shadowy altar of Dithmenos.
   769 | D        | Found a corrupted altar of Lugonu.
   769 | D        | Found an opulent altar of Gozag.
   769 | D        | Found a burning altar of Makhleb.
   770 | D        | Found a snail-covered altar of Cheibriados.
   770 | D        | Found an ancient bone altar of Kikubaaqudgha.
   770 | D        | Found a bloodstained altar of Trog.
   772 | D        | Found a viscous altar of Jiyva.
   772 | D        | Found a shimmering blue altar of Sif Muna.
   773 | D        | Found a hazy altar of Hepliaklqana.
   773 | D        | Found a sacrificial altar of Ru.
   774 | D        | Found a shimmering altar of Xom.
   775 | D        | Found a stormy altar of Qazlal.
   775 | D        | Found an ornate altar of the Wu Jian Council.
   775 | D        | Found a sparkling altar of Nemelex Xobeh.
   775 | D        | Found a hide-covered altar of Uskayaw.
   775 | D        | Found a basalt altar of Yredelemnul.
   775 | D        | Found a glowing golden altar of the Shining One.
   775 | D        | Noticed a polar bear
   776 | D        | Found a radiant altar of Vehumet.
   776 | D        | Found an iron altar of Okawaru.
   776 | D        | Found a glowing silver altar of Zin.
   776 | D        | Noticed a yaktaur
   793 | D        | Noticed an ice statue
   794 | D        | Became a worshipper of Gozag Ym Sagoz the Greedy
   803 | D        | Noticed a polar bear
   803 | D        | Noticed a polar bear
   804 | D        | Killed a polar bear
   805 | D        | Reached skill level 1 in Conjurations
   805 | D        | Killed a polar bear
   806 | D        | Reached skill level 16 in Stealth
   807 | D        | Killed a polar bear
   810 | D        | Killed a yaktaur
   832 | D        | Reached XP level 10. HP: 44/44 MP: 27/27
   844 | D        | Noticed an ice dragon
   845 | D        | Killed an ice dragon
   846 | D        | Reached skill level 17 in Stealth
   855 | D        | Noticed a deep elf master archer
  1242 | D        | Killed a deep elf master archer
  1243 | D        | Reached skill level 15 in Dodging
  1243 | D        | Reached skill level 18 in Stealth
  1256 | D        | Noticed a death drake
  1257 | D        | Noticed a death drake
  1257 | D        | Noticed a crystal guardian
  1528 | D        | Killed a death drake
  1529 | D        | Reached skill level 5 in Conjurations
  2493 | D        | Killed a crystal guardian
  2534 | D        | Killed a death drake
  2535 | D        | Reached skill level 19 in Stealth
  2536 | D        | Succumbed to poison (dark miasma)

Illustrated notes

Levels and vault maps discovered:
D:        the_violet_keep_of_menkaure [sprint2_stairs_cluster_1,
          sprint2_shoproom, sprint2_temple, sprint2_basic_supplies,
          sprint2_obstacle_5, sprint2_obstacle_2, sprint2_obstacle_7,
          sprint2_obstacle_3, sprint2_obstacle_4, sprint2_timed_cluster_1,
          sprint2_smallroom_cluster_1, sprint2_smallroom_final_cluster_1,
          sprint2_transparent_cluster_1, sprint2_second_timed_cluster_1,
          sprint2_sniper_area_1, sprint2_heavy_combat_area_1,
          sprint2_mutation_trap_area_1, sprint2_forest_area_1,
          sprint2_light_combat_area_1, sprint2_behind_water_1,
          sprint2_near_end_vault_1]

Skill      XL: |  1  2  3  4  5  6  7  8  9 10 |
---------------+-------------------------------+-----
Short Blades   | 3 4 5 6 7 8 10 11 12 | 12.9
Dodging        | 5 6 8 9 10 12 13 15 | 15.8
Stealth        | 6 7 8 10 11 12 15 16 19 | 19.0
Spellcasting   | 4 5 6 7 8 9 11 12 13 | 13.2
Hexes          | 5 6 8 9 10 11 12 13 | 13.4
Conjurations   | 3 5 |  5.7

Action                   |  1- 3 |  4- 6 |  7- 9 | 10-12 || total
-------------------------+-------+-------+-------+-------++-------
Melee: Dagger            |    15 |    13 |    10 |       ||    38
       Rapier            |       |       |     8 |    19 ||    27
       Punch             |       |       |       |     2 ||     2
 Cast: Ensorcelled Hiber |       |       |     6 |    11 ||    17
       Confusing Touch   |       |       |     1 |       ||     1
  Use: Potion            |     2 |       |     1 |     3 ||     6
 Stab: Invisible         |     3 |     3 |       |       ||     6
       Sleeping          |       |     3 |    15 |     7 ||    25
       Confused          |       |       |     1 |       ||     1
Armor: Robe              |       |       |       |     2 ||     2
Dodge: Dodged            |     6 |     2 |     3 |    12 ||    23
